 Dungeon Crawl Stone Soup version 0.31.0-11-ge490571c62 (webtiles) character file.

Game seed: 12947456057013648254

9087 qw the Nimble (level 11, 0/56 HPs)
             Began as a Spriggan Hunter on Feb 3, 2024.
             Was a Believer of Okawaru.
             Slain by a komodo dragon (15 damage)
             ... on level 1 of the Lair of Beasts.
             The game lasted 00:03:12 (7438 turns).

qw the Nimble (Spriggan Hunter)                     Turns: 7438, Time: 00:03:12

Health: 0/56       AC:  8    Str:  7    XL:     11   Next: 18%
Magic:  15/15      EV: 30    Int: 11    God:    Okawaru [**....]
Gold:   377        SH:  5    Dex: 23    Spells: 10/10 levels left

rFire   + . .        n - +0 orcbow
rCold   . . .        (shield currently unavailable)
rNeg    . . .        c - +0 robe
rPois   .            p - +2 hat
rElec   .            b - scarf {repulsion}
rCorr   .            (gloves unavailable)
SInv    +            (boots unavailable)
Will    +....        e - amulet of reflection
Stlth   ++           f - +4 ring of protection
HPRegen 0.29/turn    r - ring of protection from fire
MPRegen 0.14/turn

%: repel missiles, reflection
@: about to teleport, very quick
A: very small, no large weapons, unfitting armour, see invisible, speed 3
a: Renounce Religion, Heroism


You were on level 1 of the Lair of Beasts.
You worshipped Okawaru.
Okawaru was pleased with you.
You visited 3 branches of the dungeon, and saw 11 of its levels.

You collected 538 gold pieces.
You spent 161 gold pieces at shops.


Innate Abilities, Weirdness & Mutations

You are very small and have problems with some larger weapons.
You are too small for most types of armour.
You have supernaturally acute eyesight. (SInv)
You cover ground extremely quickly. (Speed+++)


   Skills:
 - Level 5.4 Fighting
 + Level 12.9 Ranged Weapons
 - Level 13.0 Dodging
 - Level 1.5 Stealth
 - Level 4.1 Invocations


You had 10 spell levels left.
You didn't know any spells.
Your spell library was empty.

Inventory:

Hand Weapons
 n - a +0 orcbow (weapon)
Armour
 b - a scarf of repulsion (worn)
 c - a +0 robe (worn)
 p - a +2 hat (worn)
Jewellery
 e - an amulet of reflection (around neck)
 f - a +4 ring of protection (left hand)
 l - a ring of ice
 r - a ring of protection from fire (right hand)
Wands
 o - a wand of acid (2)
Scrolls
 h - 4 scrolls of teleportation
Potions
 a - a potion of resistance {unknown}
 d - a potion of mutation
 i - 9 potions of curing
 j - a potion of cancellation
 k - 4 potions of heal wounds
 q - a potion of attraction {unknown}

Dungeon Overview and Level Annotations

Branches:
Dungeon (9/15)             Temple (1/1) D:5            Lair (1/5) D:9
    Orc (0/2) D:9

Altars:
Ashenzari
Cheibriados
Dithmenos
Elyvilon
Fedhas
Gozag
Hepliaklqana
Kikubaaqudgha
Makhleb
Nemelex Xobeh
Okawaru
Qazlal
Ru
Sif Muna
Trog
Uskayaw
Wu Jian
Xom
Yredelemnul
Zin
The Shining One

Shops:
D:1 :   D:5 [

Portals:
Ice
Cave: Lair:1

Annotations:
D:9 2 transporters, qw's ghost, novice GrHu
Lair:1 Amaemon


Message History

The water moccasin is almost dead.
The water moccasin bites you. The water moccasin misses you.
The bullfrog completely misses you.
You shoot an arrow. The arrow hits the water moccasin!
You kill the water moccasin!
Okawaru accepts your kill. You block the water moccasin's attack.
The bullfrog completely misses you.
You shoot an arrow. The arrow closely misses the wolf.
The wolf bites you.
The water moccasin completely misses you.
The bullfrog completely misses you. The wolf closely misses you.
You shoot an arrow. The arrow misses the wolf.
The water moccasin misses you. The bullfrog closely misses you.
The wolf completely misses you.
You shoot an arrow. The arrow hits the wolf.
The wolf is moderately wounded.
The water moccasin closely misses you. The bullfrog completely misses you.
You shoot an arrow.
The arrow hits the komodo dragon but does no damage.
The water moccasin completely misses you.
The bullfrog misses you.
You shoot an arrow. The arrow hits the komodo dragon.
The komodo dragon is lightly wounded.
You hear the steady crackling of a very distant melting archway.
The water moccasin completely misses you.
You block the bullfrog's attack.
The komodo dragon completely misses you.
You shoot an arrow. The arrow hits the komodo dragon!
The komodo dragon is moderately wounded.
You feel like a meek peon again. The water moccasin closely misses you.
The bullfrog completely misses you. The komodo dragon bites you!!
7438 ||| READING 5 scrolls of teleportation.
As you read the scroll of teleportation, it crumbles to dust.
You feel strangely unstable.
The water moccasin completely misses you.
The bullfrog misses you.
The water moccasin bites you but does no damage.
The komodo dragon bites you!
You die...

.# ..## # ...#
#. ## ...#
#$.##.###...##.
...............
.......h.......
.....SlSF......
#P.####@#######
###


You could see a komodo dragon, 2 water moccasins, a wolf and a bullfrog.

Vanquished Creatures
  Harold (D:9)
  2 two-headed ogres (D:9)
  Pikel (D:8)
  3 cane toads (Lair:1)
  A kobold demonologist (D:9)
  Psyche (D:9)
  A hornet (D:7)
  Prince Ribbit (D:9)
  A wyvern (D:9)
  7 yaks
  A steam dragon (D:8)
  6 water moccasins
  2 orc warriors
  A sky beast (D:7)
  3 black bears
  3 centaurs
  4 wolves
  3 lemures (D:8)
  2 kobold brigands
  A bullfrog (Lair:1)
  2 scorpions (D:6)
  13 wights
  12 killer bees
  A howler monkey (D:6)
  An orc priest (D:8)
  2 hounds
  2 orc wizards (D:7)
  3 iguanas
  10 gnolls
  10 adders
  2 shadow imps (D:7)
  A white imp (D:8)
  2 ufetubi (D:6)
  6 ribbon worms
  A dart slug (D:3)
  24 orcs
  5 ball pythons
  4 endoplasms
  7 giant cockroaches
  5 goblins
  8 hobgoblins
  7 jackals
  11 kobolds
  4 quokkas
  6 bats
  6 rats
200 creatures vanquished.

Notes
Turn   | Place    | Note
-------+----------+-------------------------------------------
     0 | D:1      | qw the Spriggan Hunter began the quest for the Orb.
     0 | D:1      | Reached XP level 1. HP: 10/10 MP: 2/2
     0 | D:1      | 0 ||| qw: Version: 0.3-a-155-g5e7d8dd
     0 | D:1      | 0 ||| qw: Game counter: 3090
     0 | D:1      | 0 ||| qw: Melee chars always use a shield: true
     0 | D:1      | 0 ||| qw: God list: Okawaru
     0 | D:1      | 0 ||| qw: Allow faded altars: false
     0 | D:1      | 0 ||| qw: Do Orc after clearing Dungeon:15 true
     0 | D:1      | 0 ||| qw: Do second Lair branch before Depths: true
     0 | D:1      | 0 ||| qw: Lair rune preference: random
     0 | D:1      | 0 ||| qw: Goals: Normal
     0 | D:1      | 0 ||| PLANNING D:1-11
    39 | D:1      | Reached skill level 3 in Dodging
   179 | D:1      | Reached XP level 2. HP: 14/14 MP: 3/3
   249 | D:1      | Reached skill level 4 in Dodging
   372 | D:1      | Found Woheska's Book Shop.
   631 | D:1      | 631 ||| UPGRADING to amulet of reflection.
   636 | D:1      | 636 ||| UPGRADING to +4 ring of protection.
   637 | D:1      | 637 ||| DROPPING ring of flight.
   638 | D:1      | 638 ||| READING scroll labelled TIQO JIDUD.
   639 | D:1      | 639 ||| READING scroll labelled UQUCYXK PUSE.
   639 | D:1      | 639 ||| ENCHANTING +0 shortbow.
   640 | D:1      | 640 ||| READING scroll labelled RANOGIN RARIX.
   643 | D:1      | 643 ||| DRINKING 2 lumpy blue potions.
   644 | D:1      | 644 ||| DROPPING scroll of butterflies.
   671 | D:2      | Reached XP level 3. HP: 18/18 MP: 4/4
   890 | D:2      | 890 ||| RETREEEEATING.
   893 | D:2      | 893 ||| RETREEEEATING.
   894 | D:2      | 894 ||| RETREEEEATING.
   902 | D:2      | HP: 4/18 [gnoll/+0 flail (4)]
   904 | D:2      | Reached XP level 4. HP: 5/22 MP: 5/5
   931 | D:2      | 931 ||| FLEEEEING.
  1050 | D:2      | Reached skill level 5 in Dodging
  1444 | D:2      | 1444 ||| UPGRADING to scarf of repulsion.
  1449 | D:2      | 1449 ||| READING scroll labelled PAEHEH UTEKKYD.
  1449 | D:2      | 1449 ||| IDENTIFYING inky potion
  1450 | D:2      | 1450 ||| READING scroll labelled YNEZXE ZEFFIA.
  1451 | D:2      | 1451 ||| DROPPING potion of magic.
  1624 | D:3      | Found a shimmering blue altar of Sif Muna.
  1659 | D:3      | Reached XP level 5. HP: 26/26 MP: 6/6
  1668 | D:3      | Found a bloodstained altar of Trog.
  1815 | D:3      | Found a stormy altar of Qazlal.
  1954 | D:3      | 1954 ||| READING 2 scrolls of identify.
  1954 | D:3      | 1954 ||| IDENTIFYING smoky inky potion
  1955 | D:3      | 1955 ||| READING scroll of identify.
  1955 | D:3      | 1955 ||| IDENTIFYING black potion
  1956 | D:3      | 1956 ||| READING scroll labelled WAGYDO WIEXU.
  1957 | D:3      | 1957 ||| READING scroll labelled LYELISMOEGH.
  1958 | D:3      | 1958 ||| READING scroll labelled BOEHEMOUCU.
  1959 | D:3      | 1959 ||| DRINKING 4 cyan potions.
  1960 | D:3      | 1960 ||| DROPPING potion of invisibility.
  1992 | D:4      | 1992 ||| STAIRDANCE
  1997 | D:4      | 1997 ||| STAIRDANCE
  2018 | D:4      | 2018 ||| STAIRDANCE
  2098 | D:4      | Found a basalt altar of Yredelemnul.
  2188 | D:4      | Found an opulent altar of Gozag.
  2236 | D:4      | Reached skill level 6 in Ranged Weapons
  2428 | D:4      | 2428 ||| READING scroll labelled LAREL DINUDGHUSCHA.
  2428 | D:4      | 2428 ||| BRANDING +1 shortbow.
  2429 | D:4      | 2429 ||| DRINKING 2 lumpy cyan potions.
  2430 | D:4      | 2430 ||| FLEEEEING.
  2431 | D:4      | 2431 ||| FLEEEEING.
  2432 | D:4      | 2432 ||| FLEEEEING.
  2433 | D:4      | 2433 ||| FLEEEEING.
  2434 | D:4      | 2434 ||| FLEEEEING.
  2435 | D:4      | 2435 ||| FLEEEEING.
  2436 | D:4      | 2436 ||| FLEEEEING.
  2437 | D:4      | 2437 ||| FLEEEEING.
  2438 | D:4      | 2438 ||| FLEEEEING.
  2439 | D:4      | 2439 ||| FLEEEEING.
  2440 | D:4      | 2440 ||| FLEEEEING.
  2441 | D:4      | 2441 ||| FLEEEEING.
  2442 | D:4      | 2442 ||| FLEEEEING.
  2443 | D:4      | 2443 ||| FLEEEEING.
  2444 | D:4      | 2444 ||| FLEEEEING.
  2445 | D:4      | 2445 ||| FLEEEEING.
  2446 | D:4      | 2446 ||| FLEEEEING.
  2447 | D:4      | 2447 ||| FLEEEEING.
  2448 | D:4      | 2448 ||| FLEEEEING.
  2449 | D:4      | 2449 ||| FLEEEEING.
  2450 | D:4      | 2450 ||| FLEEEEING.
  2451 | D:4      | 2451 ||| FLEEEEING.
  2452 | D:4      | 2452 ||| FLEEEEING.
  2453 | D:4      | 2453 ||| FLEEEEING.
  2454 | D:4      | 2454 ||| FLEEEEING.
  2455 | D:4      | 2455 ||| FLEEEEING.
  2456 | D:4      | 2456 ||| STAIRDANCE
  2458 | D:3      | 2458 ||| FLEEEEING.
  2459 | D:3      | 2459 ||| FLEEEEING.
  2460 | D:3      | 2460 ||| FLEEEEING.
  2461 | D:3      | 2461 ||| FLEEEEING.
  2462 | D:3      | 2462 ||| FLEEEEING.
  2463 | D:3      | 2463 ||| FLEEEEING.
  2464 | D:3      | 2464 ||| FLEEEEING.
  2465 | D:3      | 2465 ||| FLEEEEING.
  2466 | D:3      | 2466 ||| FLEEEEING.
  2467 | D:3      | 2467 ||| FLEEEEING.
  2468 | D:3      | 2468 ||| FLEEEEING.
  2469 | D:3      | 2469 ||| FLEEEEING.
  2470 | D:3      | 2470 ||| STAIRDANCE
  2472 | D:2      | 2472 ||| DROPPING potion of berserk rage.
  2506 | D:5      | Entered Level 5 of the Dungeon
  2507 | D:5      | 2507 ||| STAIRDANCE
  2521 | D:5      | Reached XP level 6. HP: 18/30 MP: 7/7
  2651 | D:5      | Found a blossoming altar of Fedhas.
  2729 | D:5      | 2729 ||| RETREEEEATING.
  2734 | D:5      | 2734 ||| RETREEEEATING.
  2735 | D:5      | 2735 ||| RETREEEEATING.
  2736 | D:5      | 2736 ||| RETREEEEATING.
  2737 | D:5      | 2737 ||| RETREEEEATING.
  2738 | D:5      | 2738 ||| RETREEEEATING.
  2739 | D:5      | 2739 ||| RETREEEEATING.
  2748 | D:5      | Reached skill level 6 in Dodging
  2789 | D:5      | Found a staircase to the Ecumenical Temple.
  2790 | D:5      | 2790 ||| PLANNING TEMPLE
  2809 | Temple   | Entered the Ecumenical Temple
  2810 | Temple   | 2810 ||| PLANNING D:1-11
  2919 | D:5      | Found Taiczele's Antique Armour Shoppe.
  2923 | D:5      | 2923 ||| BUYING runed hat (161 gold).
  2923 | D:5      | Bought a runed hat for 161 gold pieces
  3043 | D:5      | 3043 ||| UPGRADING to +2 hat.
  3331 | D:6      | Reached XP level 7. HP: 35/35 MP: 8/8
  3417 | D:6      | Reached skill level 7 in Dodging
  3760 | D:6      | Found a glowing silver altar of Zin.
  4011 | D:6      | 4011 ||| UPGRADING to ring of protection from fire.
  4012 | D:6      | 4012 ||| READING 2 scrolls labelled APPUT VIXZY ASCH.
  4013 | D:6      | 4013 ||| DRINKING 2 bubbling coppery potions.
  4014 | D:6      | 4014 ||| DROPPING potion of degeneration.
  4015 | D:6      | 4015 ||| DROPPING scroll of noise.
  4061 | D:7      | Noticed a hornet
  4062 | D:7      | 4062 ||| ZAPPING wand of paralysis (7) at 1,6 (hornet;
                  | floor).
  4070 | D:7      | Killed a hornet
  4076 | D:7      | 4076 ||| READING scroll of enchant weapon.
  4076 | D:7      | 4076 ||| ENCHANTING +1 shortbow of flaming.
  4130 | D:7      | Reached XP level 8. HP: 39/39 MP: 9/9
  4158 | D:7      | Reached skill level 8 in Dodging
  4197 | D:7      | Reached skill level 3 in Fighting
  4231 | D:7      | 4231 ||| RETREEEEATING.
  4239 | D:7      | 4239 ||| RETREEEEATING.
  4250 | D:7      | Reached skill level 9 in Ranged Weapons
  4289 | D:7      | 4289 ||| FLEEEEING.
  4290 | D:7      | 4290 ||| FLEEEEING.
  4291 | D:7      | 4291 ||| FLEEEEING.
  4292 | D:7      | 4292 ||| FLEEEEING.
  4293 | D:7      | 4293 ||| FLEEEEING.
  4342 | D:7      | Found a broken altar of Ashenzari.
  4367 | D:7      | Noticed a +0 falchion
  4368 | D:7      | Noticed a +0 short sword
  4369 | D:7      | Noticed a +0 falchion
  4370 | D:7      | Noticed a +0 short sword
  4370 | D:7      | Noticed a +0 spear
  4459 | D:7      | Found a white marble altar of Elyvilon.
  4559 | D:7      | Reached skill level 9 in Dodging
  4648 | D:7      | Noticed a +0 spear
  4649 | D:7      | Noticed a +0 dagger
  4650 | D:7      | Found a hide-covered altar of Uskayaw.
  4650 | D:7      | Noticed a +0 dagger
  4776 | D:7      | 4776 ||| DRINKING 2 blue potions.
  4799 | D:7      | 4799 ||| DROPPING potion of lignification.
  4822 | D:8      | Noticed Pikel
  4822 | D:8      | 4822 ||| RETREEEEATING.
  4824 | D:8      | 4824 ||| RETREEEEATING.
  4826 | D:8      | 4826 ||| RETREEEEATING.
  4828 | D:8      | 4828 ||| RETREEEEATING.
  4830 | D:8      | 4830 ||| RETREEEEATING.
  4833 | D:8      | 4833 ||| RETREEEEATING.
  4835 | D:8      | 4835 ||| RETREEEEATING.
  4837 | D:8      | 4837 ||| RETREEEEATING.
  4838 | D:8      | 4838 ||| ZAPPING wand of paralysis (6) at 2,-1 (Pikel;
                  | floor).
  4841 | D:8      | 4841 ||| ZAPPING wand of paralysis (5) at 2,-1 (Pikel;
                  | floor).
  4842 | D:8      | 4842 ||| RETREEEEATING.
  4856 | D:8      | 4856 ||| ZAPPING wand of paralysis (4) at 1,-1 (Pikel;
                  | floor).
  4857 | D:8      | 4857 ||| ZAPPING wand of paralysis (3) at 1,-1 (Pikel;
                  | floor).
  4858 | D:8      | 4858 ||| ZAPPING wand of paralysis (2) at 1,-1 (Pikel;
                  | floor).
  4859 | D:8      | 4859 ||| ZAPPING wand of paralysis (1) at 1,-1 (Pikel;
                  | floor).
  4871 | D:8      | Killed Pikel
  4872 | D:8      | Reached XP level 9. HP: 32/44 MP: 10/10
  4917 | D:8      | Found a sacrificial altar of Ru.
  4941 | D:8      | 4941 ||| RETREEEEATING.
  4942 | D:8      | 4942 ||| RETREEEEATING.
  4946 | D:8      | 4946 ||| RETREEEEATING.
  4947 | D:8      | 4947 ||| FLEEEEING.
  4948 | D:8      | 4948 ||| FLEEEEING.
  4949 | D:8      | 4949 ||| FLEEEEING.
  4950 | D:8      | 4950 ||| FLEEEEING.
  4951 | D:8      | 4951 ||| FLEEEEING.
  4952 | D:8      | 4952 ||| FLEEEEING.
  4953 | D:8      | 4953 ||| FLEEEEING.
  4956 | D:8      | 4956 ||| FLEEEEING.
  4958 | D:8      | 4958 ||| FLEEEEING.
  4959 | D:8      | 4959 ||| FLEEEEING.
  4960 | D:8      | 4960 ||| FLEEEEING.
  4961 | D:8      | 4961 ||| FLEEEEING.
  4962 | D:8      | 4962 ||| FLEEEEING.
  4966 | D:8      | 4966 ||| FLEEEEING.
  4967 | D:8      | 4967 ||| STAIRDANCE
  5021 | D:7      | 5021 ||| DROPPING wand of flame (28).
  5024 | D:8      | 5024 ||| STAIRDANCE
  5041 | D:8      | 5041 ||| STAIRDANCE
  5049 | D:8      | Reached skill level 10 in Dodging
  5051 | D:8      | 5051 ||| STAIRDANCE
  5303 | D:8      | 5303 ||| RETREEEEATING.
  5380 | D:8      | 5380 ||| SWAPPING to +0 orcbow.
  5381 | D:8      | 5381 ||| DROPPING +2 shortbow of flaming.
  5569 | D:8      | Reached skill level 11 in Dodging
  5645 | D:8      | Found a snail-covered altar of Cheibriados.
  5779 | D:8      | 5779 ||| DROPPING +1 hat.
  5837 | D:9      | 5837 ||| RETREEEEATING.
  5838 | D:9      | 5838 ||| RETREEEEATING.
  5839 | D:9      | 5839 ||| RETREEEEATING.
  5840 | D:9      | 5840 ||| RETREEEEATING.
  5841 | D:9      | 5841 ||| RETREEEEATING.
  5842 | D:9      | 5842 ||| RETREEEEATING.
  5843 | D:9      | 5843 ||| RETREEEEATING.
  6020 | D:9      | 6020 ||| FLEEEEING.
  6021 | D:9      | 6021 ||| FLEEEEING.
  6025 | D:9      | 6025 ||| FLEEEEING.
  6120 | D:9      | Found a staircase to the Lair.
  6141 | D:9      | Noticed a two-headed ogre
  6147 | D:9      | Killed a two-headed ogre
  6148 | D:9      | Reached skill level 12 in Dodging
  6148 | D:9      | Reached XP level 10. HP: 49/49 MP: 11/11
  6160 | D:9      | 6160 ||| RETREEEEATING.
  6248 | D:9      | Noticed Psyche
  6253 | D:9      | 6253 ||| FLEEEEING.
  6254 | D:9      | 6254 ||| FLEEEEING.
  6256 | D:9      | 6256 ||| FLEEEEING.
  6263 | D:9      | Noticed a two-headed ogre
  6264 | D:9      | 6264 ||| RETREEEEATING.
  6268 | D:9      | 6268 ||| ZAPPING wand of acid (8) at 0,-5 (two-headed ogre;
                  | floor).
  6268 | D:9      | Killed Psyche
  6269 | D:9      | 6269 ||| ZAPPING wand of acid (7) at 0,-4 (two-headed ogre;
                  | floor).
  6270 | D:9      | 6270 ||| ZAPPING wand of acid (6) at 0,-3 (two-headed ogre;
                  | floor).
  6271 | D:9      | 6271 ||| ZAPPING wand of acid (5) at 0,-2 (two-headed ogre;
                  | floor).
  6272 | D:9      | 6272 ||| ZAPPING wand of acid (4) at 0,-1 (two-headed ogre;
                  | floor).
  6273 | D:9      | 6273 ||| ZAPPING wand of acid (3) at 0,-1 (two-headed ogre;
                  | floor).
  6273 | D:9      | Killed a two-headed ogre
  6274 | D:9      | Reached skill level 12 in Ranged Weapons
  6391 | D:9      | 6391 ||| READING scroll of identify.
  6391 | D:9      | 6391 ||| IDENTIFYING metallic brown potion
  6405 | D:8      | 6405 ||| Stepping randomly (stuck).
  6449 | D:9      | Found a flagged portal.
  6491 | D:9      | Found an ancient bone altar of Kikubaaqudgha.
  6528 | D:9      | Found an iron altar of Okawaru.
  6529 | D:9      | 6529 ||| PLANNING OKAWARU WORSHIP
  6529 | D:9      | 6529 ||| READING scroll of identify.
  6529 | D:9      | 6529 ||| IDENTIFYING fuming amethyst potion
  6532 | D:9      | Became a worshipper of Warmaster Okawaru
  6533 | D:9      | 6533 ||| PLANNING D:1-11
  6549 | D:9      | Noticed Prince Ribbit
  6558 | D:9      | 6558 ||| FLEEEEING.
  6559 | D:9      | 6559 ||| FLEEEEING.
  6560 | D:9      | 6560 ||| FLEEEEING.
  6561 | D:9      | 6561 ||| FLEEEEING.
  6563 | D:9      | 6563 ||| FLEEEEING.
  6564 | D:9      | 6564 ||| FLEEEEING.
  6566 | D:9      | 6566 ||| FLEEEEING.
  6567 | D:9      | 6567 ||| FLEEEEING.
  6568 | D:9      | 6568 ||| FLEEEEING.
  6569 | D:9      | 6569 ||| FLEEEEING.
  6570 | D:9      | 6570 ||| FLEEEEING.
  6571 | D:9      | 6571 ||| FLEEEEING.
  6572 | D:9      | 6572 ||| FLEEEEING.
  6573 | D:9      | 6573 ||| FLEEEEING.
  6575 | D:9      | 6575 ||| FLEEEEING.
  6577 | D:9      | 6577 ||| FLEEEEING.
  6578 | D:9      | 6578 ||| FLEEEEING.
  6579 | D:9      | 6579 ||| FLEEEEING.
  6580 | D:9      | 6580 ||| FLEEEEING.
  6583 | D:9      | 6583 ||| FLEEEEING.
  6584 | D:9      | 6584 ||| FLEEEEING.
  6585 | D:9      | 6585 ||| FLEEEEING.
  6586 | D:9      | 6586 ||| FLEEEEING.
  6587 | D:9      | 6587 ||| FLEEEEING.
  6588 | D:9      | 6588 ||| FLEEEEING.
  6589 | D:9      | 6589 ||| FLEEEEING.
  6594 | D:9      | 6594 ||| FLEEEEING.
  6595 | D:9      | 6595 ||| FLEEEEING.
  6596 | D:9      | 6596 ||| FLEEEEING.
  6597 | D:9      | 6597 ||| FLEEEEING.
  6598 | D:9      | 6598 ||| STAIRDANCE
  6642 | D:9      | Killed Prince Ribbit
  6667 | D:9      | Noticed a cyclops
  6670 | D:9      | Found a transporter.
  6672 | D:9      | Noticed qw's ghost (novice GrHu)
  6704 | D:9      | Found a transporter.
  6708 | D:9      | Noticed Harold
  6709 | D:9      | 6709 ||| DRINKING potion of haste.
  6713 | D:9      | Noticed a two-headed ogre
  6723 | D:9      | Killed Harold
  6723 | D:9      | Reached * piety under Okawaru
  6933 | D:9      | Found a staircase to the Orcish Mines.
  6958 | D:9      | 6958 ||| PLANNING LAIR
  6958 | D:9      | 6958 ||| READING scroll of identify.
  6958 | D:9      | 6958 ||| IDENTIFYING murky blue potion
  6959 | D:9      | 6959 ||| DROPPING potion of brilliance.
  6982 | Lair:1   | Entered Level 1 of the Lair of Beasts
  6983 | Lair:1   | 6983 ||| STAIRDANCE
  6995 | D:9      | Reached skill level 1 in Invocations
  6997 | Lair:1   | 6997 ||| STAIRDANCE
  6999 | D:9      | 6999 ||| RETREEEEATING.
  7000 | D:9      | 7000 ||| RETREEEEATING.
  7001 | D:9      | 7001 ||| RETREEEEATING.
  7002 | D:9      | 7002 ||| RETREEEEATING.
  7003 | D:9      | 7003 ||| RETREEEEATING.
  7005 | D:9      | 7005 ||| RETREEEEATING.
  7061 | Lair:1   | Reached skill level 13 in Dodging
  7124 | Lair:1   | 7124 ||| RETREEEEATING.
  7125 | Lair:1   | 7125 ||| RETREEEEATING.
  7145 | Lair:1   | Reached ** piety under Okawaru
  7155 | Lair:1   | Noticed a cane toad
  7156 | Lair:1   | 7156 ||| INVOKING Heroism.
  7158 | Lair:1   | Reached XP level 11. HP: 34/56 MP: 11/14
  7166 | Lair:1   | Reached skill level 3 in Invocations
  7241 | Lair:1   | Found a frozen archway.
  7371 | Lair:1   | 7371 ||| RETREEEEATING.
  7371 | Lair:1   | Noticed Amaemon
  7371 | Lair:1   | Noticed a death yak
  7371 | Lair:1   | Noticed a death yak
  7372 | Lair:1   | 7372 ||| RETREEEEATING.
  7373 | Lair:1   | 7373 ||| RETREEEEATING.
  7374 | Lair:1   | 7374 ||| RETREEEEATING.
  7375 | Lair:1   | 7375 ||| RETREEEEATING.
  7376 | Lair:1   | 7376 ||| RETREEEEATING.
  7377 | Lair:1   | 7377 ||| RETREEEEATING.
  7378 | Lair:1   | 7378 ||| RETREEEEATING.
  7379 | Lair:1   | 7379 ||| RETREEEEATING.
  7380 | Lair:1   | 7380 ||| RETREEEEATING.
  7381 | Lair:1   | 7381 ||| RETREEEEATING.
  7382 | Lair:1   | 7382 ||| INVOKING Heroism.
  7386 | Lair:1   | 7386 ||| READING 6 scrolls of teleportation.
  7392 | Lair:1   | HP: 14/56 [poisoned by Amaemon]
  7397 | Lair:1   | HP: 11/56 [poisoned by Amaemon]
  7399 | Lair:1   | 7399 ||| DRINKING 5 potions of heal wounds.
  7404 | Lair:1   | 7404 ||| RETREEEEATING.
  7407 | Lair:1   | 7407 ||| INVOKING Heroism.
  7437 | Lair:1   | HP: 14/56 [komodo dragon (19)]
  7438 | Lair:1   | 7438 ||| READING 5 scrolls of teleportation.
  7438 | Lair:1   | Slain by a komodo dragon

Levels and vault maps discovered:
D:1:      sevenhm_arrival_forest_fort_small_4, layout_loops_ring, serial_shops,
          shop, item_on_display_a
D:2:      layout_basic, solitary_fountain, minmay_box_of_dots
D:3:      layout_rooms, hellmonk_sif_muna_bookshelves, marbit_many_paths,
          lemuel_coloured_pillars_altar
D:4:      layout_layer_cave, amcnicky_altar_gilded, nicolae_gozag_seed_capital
D:5:      layout_cave_pools, mainiacjoe_overflow_paths, temple_pool_b,
          serial_shops, nicolae_shop_back_alley_shop
D:6:      hellmonk_crumbling_castle, layout_loops_corners, zin_scriptorium,
          serial_co_window_serial, co_window_paths_a, co_window_corner_a,
          co_window_corner_a, co_window_of_opportunity_a, co_window_paths_a,
          co_window_unsneaky_path_d, glass_columns_a, glass_columns_b,
          glass_columns_b
D:7:      layout_loops_ring, nicolae_elyvilon_peaceful_grove, ashenzari_altar_1,
          nicolae_uskayaw_en_pointe, hangedman_decor_lopped, minmay_statues_item
D:8:      layout_loops_cross, nicolae_ru_awakened_eye,
          nicolae_overflow_hidden_temple, uniq_pikel
D:9:      layout_irregular_city, kiku_gazebo_garden_becter, lemuel_doored_altar,
          david_lair_generic, nzn_ghost_randoct, enter_bailey_7, st_stairs_8,
          kennysheep_generic_room_5, uniq_prince_ribbit1, uniq_psyche,
          uniq_harold
Temple:   nicolae_temple_ecumenical_triangle
Lair:1:   layout_chaotic_city, portal_ice_cave_entry_pillars_2,
          beast_lair_carwin_1, uniq_amaemon

Skill      XL: |  1  2  3  4  5  6  7  8  9 10 11 |
---------------+----------------------------------+-----
Dodging        | 3 4 5 6 7 9 12 13 | 13.0
Ranged Weapons | 5 6 7 8 10 11 12 | 12.9
Fighting       | 2 3 4 5 |  5.4
Invocations    | 2 4 |  4.1
Stealth        | |  1.5

Action                     |  1- 3 |  4- 6 |  7- 9 | 10-12 || total
---------------------------+-------+-------+-------+-------++-------
   Fire: Shortbow          |    93 |   216 |   268 |       ||   577
         Orcbow            |       |       |    94 |   265 ||   359
 Invoke: Heroism           |       |       |       |     3 ||     3
  Evoke: Wand              |       |       |     7 |     6 ||    13
    Use: Scroll            |     3 |     8 |     2 |     5 ||    18
         Potion            |     1 |     2 |     2 |     2 ||     7
 Armour: Robe              |    11 |    36 |    50 |    32 ||   129
  Dodge: Dodged            |    26 |   129 |   163 |   214 ||   532
         Repelled          |       |     1 |       |     1 ||     2
  Block: Other             |     1 |    37 |    52 |    32 ||   122
         Reflection        |       |     2 |     1 |     1 ||     4

Table legend:
 A = Non-vault XP
 B = Vault XP
 C = Vault XP percentage of total XP
 D = Non-vault monster count
 E = Vault monster count
 F = Vault count percentage of total count
                 A         B        C        D         E       F
            +---------+---------+-------+---------+---------+-------
      Total |    9830 |    3152 |  24.3 |     176 |      21 |  10.7
            +---------+---------+-------+---------+---------+-------
        D:1 |      29 |       0 |   0.0 |      16 |       0 |   0.0
        D:2 |     117 |      26 |  18.2 |      24 |       6 |  20.0
        D:3 |      97 |       4 |   4.0 |      21 |       1 |   4.5
        D:4 |      92 |       0 |   0.0 |      10 |       0 |   0.0
        D:5 |     163 |       0 |   0.0 |      10 |       0 |   0.0
        D:6 |     494 |       0 |   0.0 |      10 |       0 |   0.0
        D:7 |    1437 |       0 |   0.0 |      25 |       0 |   0.0
        D:8 |    1109 |     673 |  37.8 |      24 |       1 |   4.0
        D:9 |    3419 |    2330 |  40.5 |      23 |      12 |  34.3
     Lair:1 |    2873 |     119 |   4.0 |      13 |       1 |   7.1
            +---------+---------+-------+---------+---------+-------
